 Dungeon Crawl Stone Soup version 0.30-a0-696-g2367cd04db (webtiles) character file.

Game seed: 9331818138220437706

1697 holysushi the Slicer (level 9, -8/43 HPs)
             Began as a Vine Stalker Monk on Jan 21, 2023.
             Was a Believer of Okawaru.
             Mangled by a wyvern (10 damage)
             ... on level 7 of the Dungeon.
             The game lasted 00:08:18 (5800 turns).

holysushi the Slicer (Vine Stalker Monk)            Turns: 5800, Time: 00:08:18

Health: -8/43      AC:  9    Str: 13    XL:     9   Next: 3%
Magic:  0/12       EV: 16    Int: 10    God:    Okawaru [**....]
Gold:   112        SH:  0    Dex: 28    Spells: 8/8 levels left

rFire   . . .      SeeInvis .    z - +2 dagger (chaos)
rCold   . . .      Faith    .    (no shield)
rNeg    . . .      Spirit   +    b - +0 robe
rPois   .          Reflect  .    (no helmet)
rElec   .          Harm     .    q - +0 cloak
rCorr   .          Rampage  .    k - +0 pair of gloves
Will    +....                    l - +0 pair of boots
Stlth   ++++                     p - amulet of the acrobat
HPRegen 1.07/turn                G - +4 ring of protection
MPRegen 0.13/turn                H - +6 ring of dexterity

@: about to teleport
A: fangs 3, regeneration 1, magic shield, antimagic bite, no potion heal 2
a: Renounce Religion, Heroism


You were on level 7 of the Dungeon.
You worshipped Okawaru.
Okawaru was pleased with you.
You visited 2 branches of the dungeon, and saw 8 of its levels.

You collected 261 gold pieces.
You spent 149 gold pieces at shops.

Inventory:

Hand Weapons
 a - a +0 short sword
 g - a +1 vampiric dagger
 h - a +0 rapier
 j - a +1 dagger of holy wrath
 z - a +2 dagger of chaos (weapon)
 A - a +1 dagger of venom
Armour
 b - a +0 robe (worn)
 k - a +0 pair of gloves (worn)
 l - a +0 pair of boots (worn)
 q - a +0 cloak (worn)
Jewellery
 p - an amulet of the acrobat (around neck)
 F - a ring of ice
 G - a +4 ring of protection (left hand)
 H - a +6 ring of dexterity (right hand)
 I - an amulet of faith
Scrolls
 f - a scroll of amnesia
 m - 2 scrolls of immolation
 B - 4 scrolls of teleportation
 C - a scroll of enchant armour {unknown}
 D - a scroll of fog {unknown}
 E - a scroll of noise {unknown}
Potions
 c - a potion of ambrosia
 d - a potion of might
 e - a potion of haste
 i - 4 potions of lignification
 n - 2 potions of mutation
 o - a potion of berserk rage {unknown}
 r - a potion of invisibility {unknown}
 s - 2 potions of magic {unknown}
 t - 7 potions of curing {unknown}
 u - 3 potions of brilliance {unknown}
 v - a potion of flight {unknown}
 w - a potion of cancellation {unknown}
 x - 2 potions of heal wounds {unknown}


   Skills:
 - Level 2.6 Fighting
 + Level 8.4 Short Blades
 + Level 5.0 Dodging
 - Level 5.0 Stealth
 + Level 2.9 Invocations


You had 8 spell levels left.
You didn't know any spells.
Your spell library contained the following spells:

 Spells                   Type           Power      Damage    Failure   Level
 Magic Dart               Conj           0%         1d3       36%         1
 Blink                    Tloc           0%         N/A       50%         2
 Lesser Beckoning         Tloc           0%         N/A       50%         2
 Momentum Strike          Conj/Tloc      0%         3d8       50%         2
 Inner Flame              Hex/Fire       0%         N/A       75%         3
 Mephitic Cloud           Conj/Pois/Air  0%         N/A       75%         3
 Portal Projectile        Hex/Tloc       0%         N/A       75%         3
 Cause Fear               Hex            0%         N/A       98%         4
 Leda's Liquefaction      Hex/Erth       0%         N/A       98%         4
 Discord                  Hex            0%         N/A       100%        8
 Call Imp                 Summ           Unusable   N/A       N/A         2
 Call Canine Familiar     Summ           Unusable   N/A       N/A         3

Dungeon Overview and Level Annotations

Branches:
Dungeon (7/15) Zot: 26646  Temple (1/1) D:6 Zot: 5720

Altars:
Ashenzari
Cheibriados
Dithmenos
Elyvilon
Fedhas
Gozag
Hepliaklqana
Kikubaaqudgha
Makhleb
Nemelex Xobeh
Okawaru
Ru
Sif Muna
Trog
Uskayaw
Vehumet
Wu Jian
Xom
Yredelemnul
Zin
The Shining One

Shops:
D:4 (   D:5 ?

Annotations:
D:3 3 runed translucent doors, PimpSugar's ghost, amateur DsHW
D:5 Dowan


Innate Abilities, Weirdness & Mutations

You have razor-sharp teeth.
Your natural rate of healing is unusually fast.
When hurt, damage is shared between your health and your magic reserves.
Your bite disrupts and absorbs the magic of your enemies.
Potions cannot restore your health.


Message History

The wyvern completely misses you. x2
You closely miss the wyvern. Your bite misses the wyvern.
The wyvern closely misses you.
You hit the wyvern but do no damage. You bite the wyvern, but do no damage.
You hit the wyvern but do no damage.
The wyvern seems to grow stronger.
The wyvern closely misses you.
You hit the wyvern but do no damage. Your bite misses the wyvern.
The wyvern bites you but does no damage.
You completely miss the wyvern. Your bite misses the wyvern.
The wyvern bites you!
You hit the wyvern.
The wyvern seems to speed up.
The wyvern is lightly wounded.
The wyvern completely misses you.
You hit the wyvern. You burn the wyvern.
The wyvern is moderately wounded.
The wyvern barely misses you.
You closely miss the wyvern. You bite the wyvern. You drain its power.
You feel invigorated.
The wyvern is moderately wounded.
The wyvern bites you!! The wyvern closely misses you.
You are too injured to fight recklessly!
You hit the wyvern.
The wyvern suddenly seems more resistant.
You bite the wyvern! You drain its power.
You feel invigorated.
The wyvern is severely wounded.
The wyvern bites you!
* * * LOW HITPOINT WARNING * * *
You are too injured to fight recklessly!
Blink to where?
Press: ? - help, Dir - move target
As you read the scroll of blinking, it crumbles to dust.
As you read the scroll labelled UBOAX ROIWK, it crumbles to dust.
You feel strangely unstable.
It was a scroll of teleportation.
Your surroundings suddenly seem different.
There is a stone staircase leading up here.
As you read the scroll of teleportation, it crumbles to dust.
You feel strangely unstable. The wyvern bites you!!
* * * LOW HITPOINT WARNING * * *
The wyvern bites you!
You die...

)..###......#.......... ......
.......)...###......... .##.....
#..#.)).#....#......### ........
####.).##....#.......# ........ #
#.)#######.#.......# ....... #
##....# #..........######......
#.##....###..........##...#..(...
..#.....#............#...........
................@.#....<...)...##
..######........l..............#.
..# #...####..................
...# ....###................##..
..... ##.# ..#...............#..
##### .. ....#..............##. #
# ##..#......##......... ##...
.#.##....###......... ......
.......##.........


You could see a wyvern (fast, strong, resistant).

Vanquished Creatures
  A vampire mosquito (D:5)
  A black bear (D:5)
  3 centaurs
  3 phantoms
  2 kobold brigands (D:7)
  2 necrophages
  A bullfrog (D:6)
  A scorpion (D:5)
  A howler monkey (D:4)
  A crimson imp (D:5)
  3 hounds
  2 jellies (D:6)
  2 orc priests (D:7)
  Jessica (D:2)
  An iguana (D:6)
  3 orc wizards
  4 gnolls (D:4)
  8 adders
  3 shadow imps
  A white imp (D:6)
  2 ufetubi
  A worm (D:3)
  A dart slug (D:3)
  6 orcs
  8 endoplasms
  5 giant cockroaches
  11 goblins
  5 hobgoblins
  2 jackals (D:1)
  18 kobolds
  4 quokkas
  5 ball pythons
  7 bats
  3 frilled lizards
  5 rats
127 creatures vanquished.

Notes
Turn   | Place    | Note
-------+----------+-------------------------------------------
     0 | D:1      | holysushi the Vine Stalker Monk began the quest for the
                  | Orb.
     0 | D:1      | Reached XP level 1. HP: 11/11 MP: 2/2
    24 | D:1      | Reached skill level 3 in Short Blades
    81 | D:1      | Reached XP level 2. HP: 16/16 MP: 3/3
   538 | D:1      | Reached XP level 3. HP: 18/19 MP: 4/4
   704 | D:2      | Reached skill level 4 in Short Blades
   918 | D:2      | Noticed Jessica
   925 | D:2      | Killed Jessica
   926 | D:2      | Gained mutation: Your natural rate of healing is unusually
                  | fast. [Vine Stalker growth]
   926 | D:2      | Reached XP level 4. HP: 23/23 MP: 3/5
  1285 | D:2      | Reached skill level 5 in Short Blades
  1285 | D:2      | Reached XP level 5. HP: 21/27 MP: 4/6
  1844 | D:3      | Found a runed translucent gate.
  1845 | D:3      | Found a runed translucent gate.
  1845 | D:3      | Found a runed translucent gate.
  1850 | D:3      | Noticed PimpSugar's ghost (amateur DsHW)
  2358 | D:4      | Reached XP level 6. HP: 32/32 MP: 7/7
  2449 | D:4      | Found Saelyant's Weapon Shoppe.
  2580 | D:4      | Found an ancient bone altar of Kikubaaqudgha.
  2871 | D:5      | Entered Level 5 of the Dungeon
  2929 | D:5      | Found Ikuqank's Magic Scroll Boutique.
  2932 | D:5      | Bought a scroll of blinking for 97 gold pieces
  2955 | D:5      | Noticed Dowan
  3069 | D:5      | Noticed a vampire mosquito
  3101 | D:5      | Killed a vampire mosquito
  3102 | D:5      | Reached skill level 6 in Short Blades
  3102 | D:5      | Reached XP level 7. HP: 6/35 MP: 3/8
  3329 | D:5      | Reached skill level 5 in Stealth
  3391 | D:4      | Bought a +0 rapier for 52 gold pieces
  3482 | D:5      | Found a shimmering altar of Xom.
  3482 | D:5      | Found a burning altar of Makhleb.
  3486 | D:5      | Gained mutation: You have razor-sharp teeth. [Vine Stalker
                  | growth]
  3486 | D:5      | Reached XP level 8. HP: 39/39 MP: 9/9
  3802 | D:5      | Reached skill level 7 in Short Blades
  4002 | D:6      | Found a broken altar of Ashenzari.
  4051 | D:6      | Reached skill level 5 in Dodging
  4240 | D:6      | Found a glowing silver altar of Zin.
  4416 | D:6      | Found a radiant altar of Vehumet.
  4757 | D:6      | Found a staircase to the Ecumenical Temple.
  4839 | D:6      | Found an ornate altar of the Wu Jian Council.
  4859 | Temple   | Entered the Ecumenical Temple
  5111 | Temple   | Became a worshipper of Warmaster Okawaru
  5111 | Temple   | Reached * piety under Okawaru
  5111 | Temple   | Reached ** piety under Okawaru
  5421 | D:7      | Reached skill level 8 in Short Blades
  5421 | D:7      | Reached skill level 1 in Invocations
  5704 | D:7      | Noticed a wyvern
  5751 | D:7      | Reached XP level 9. HP: 42/43 MP: 12/12
  5800 | D:7      | HP: 2/43 [wyvern (18)]
  5800 | D:7      | Mangled by a wyvern

Illustrated notes

Levels and vault maps discovered:
D:1:      minmay_arrival_up_and_down, layout_rooms
D:2:      layout_rooms, grunt_ministairs_15, minmay_fountain_box, uniq_jessica
D:3:      layout_loops_corners, gammafunk_ghost_necromancy, minmay_surrounded
D:4:      layout_cave_pools, mainiacjoe_overflow_small_starburst, serial_shops,
          nicolae_take_the_stairs
D:5:      kennysheep_big_flooded_room, layout_basic,
          grunt_temple_overflow_champion_of_chaos, serial_shops,
          nicolae_shop_behind_doors, corexii_checkpoint_a,
          roderic_nine_men_s_morris, uniq_duvessa
D:6:      layout_basic, kennysheep_mini, lemuel_crystal_altar,
          nicolae_wu_jian_immortal_techniques, ashenzari_altar_1,
          minmay_temple_entry_statues_pillars
D:7:      layout_cave_pools
Temple:   dpeg_chambers_temple

Skill      XL: |  1  2  3  4  5  6  7  8 |
---------------+-------------------------+-----
Short Blades   | 3 4 5 6 8 |  8.4
Dodging        | 3 4 5 |  5.0
Stealth        | 4 5 |  5.0
Invocations    | 2 |  2.9
Fighting       | |  2.6

Action                   |  1- 3 |  4- 6 |  7- 9 || total
-------------------------+-------+-------+-------++-------
Melee: Short sword       |    32 |       |       ||    32
       Bite              |    34 |    75 |    56 ||   165
       Dagger            |    80 |   224 |   158 ||   462
       Punch             |       |     2 |     3 ||     5
  Use: Scroll            |     3 |     6 |     4 ||    13
 Stab: Sleeping          |     4 |     6 |    13 ||    23
Armor: Robe              |    15 |    50 |    31 ||    96
Dodge: Dodged            |    58 |   130 |    87 ||   275

Table legend: (Time is in decaauts)
 A = Elapsed time spent in this place.
 B = Non-inter-level travel time spent in this place.
 C = Inter-level travel time spent in this place.
 D = Time resting spent in this place.
 E = Time spent auto-exploring this place.
 F = Levels seen in this place.
 G = Mean time per level.
                   A        B        C        D        E       F      G
               +--------+--------+--------+--------+--------+-----+--------+
         Total |   5647 |   5363 |    284 |    243 |   3811 |   8 |  705.9 |
       Dungeon |   5367 |   5159 |    208 |    243 |   3620 |   7 |  766.7 |
        Temple |    279 |    204 |     75 |      0 |    191 |   1 |  279.0 |
               +--------+--------+--------+--------+--------+-----+--------+

Top non-repeatable levels by time:
     D:6: 1241 daAuts
     D:3: 1071 daAuts
     D:5: 964 daAuts
     D:1: 600 daAuts
     D:2: 584 daAuts
     D:4: 552 daAuts
     D:7: 352 daAuts
  Temple: 279 daAuts
